Workbook
Name AdminCategoryList: AdminCategories[Administration]
Name ConstructionCategoryList: ConstructionCategories[Construction]
Name ConsultantCategoryList: ConsultantCategories[Consultants]
Name ContingencyCategoryList: ContingencyCategories[Contingency]
Name EquipmentCategoryList: EquipmentCategories[Equipment]
Name OtherRevenueCategoryList: OtherRevenueCategories[Other Revenue]
Name PrivateSectorCategoryList: PrivateSectorCategories[Private Sector]
Name ProjectCategoryList: ProjectCategories[Project Category]
Name PropertyCategoryList: PropertyCategories[Property]
Name PublicSectorCategoryList: PublicSectorCategories[Public Sector]
Name TaxCategoryList: TaxCategories[Taxes]

Sheet Financial Reporting Form
A1: CULTURAL INFRASTUCTURE PROGRAM
A2: FINANCIAL REPORTING FORM - 2027
C3: Project Name:
C4: Grant Request Amount: | F4: Enter grant request amount here to populate below
C5: Project Category:
A6: * Please review the Program Guidelines for a list of sample eligibile and ineligible items.
A7: ** Please note that total expense and total revenue amounts must balance.
A8: *** Please note: All In-Kind Expenses and In-Kind Revenue items should be listed under rows that are described as In-Kind - this will automatically total all In-Kind Expenses and In-Kind Revenues
A9: **** All Expense amounts should be entered Before/Without taxes - all budget item taxes should be entered collectively (less any applicable deductions) under the taxes section)
A10: ***** All Budget items must be project related
A12: EXPENSES
A13: No. | B13: Expense Category | C13: Expense Item Description & Details | D13: BUDGETED | E13: ACTUAL
A14: Consultant Fees, Project Management Staff, and Honoraria | C14: Specify names and details for each expense row/item. All items must be project related. | D14: =SUM(INDEX(D:D,ROW()+1):INDEX(D:D,ROW($A$25)-1)) -> 0 | E14: =SUM(INDEX(E:E,ROW()+1):INDEX(E:E,ROW($A$25)-1)) -> 0
A15: =MAX(A$13:A14)+1 -> 1
A16: =MAX(A$13:A15)+1 -> 2
A17: =MAX(A$13:A16)+1 -> 3
A18: =MAX(A$13:A17)+1 -> 4
A19: =MAX(A$13:A18)+1 -> 5
A20: =MAX(A$13:A19)+1 -> 6
A21: =MAX(A$13:A20)+1 -> 7
A22: =MAX(A$13:A21)+1 -> 8
A23: =MAX(A$13:A22)+1 -> 9
A24: =MAX(A$13:A23)+1 -> 10
A25: IN-KIND Consultant Fees, Project Management Staff, and Honoraria | C25: Please add all in-kind contributions for this category. | D25: =SUM(INDEX(D:D,ROW()+1):INDEX(D:D,ROW($A$31)-1)) -> 0 | E25: =SUM(INDEX(E:E,ROW()+1):INDEX(E:E,ROW($A$31)-1)) -> 0
A26: =MAX(A$13:A25)+1 -> 11
A27: =MAX(A$13:A26)+1 -> 12
A28: =MAX(A$13:A27)+1 -> 13
A29: =MAX(A$13:A28)+1 -> 14
A30: =MAX(A$13:A29)+1 -> 15
A31: Construction / Renovation Costs | C31: Include details for each expense row/item as needed. | D31: =SUM(INDEX(D:D,ROW()+1):INDEX(D:D,ROW($A$42)-1)) -> 0 | E31: =SUM(INDEX(E:E,ROW()+1):INDEX(E:E,ROW($A$42)-1)) -> 0
A32: =MAX(A$13:A31)+1 -> 16
A33: =MAX(A$13:A32)+1 -> 17
A34: =MAX(A$13:A33)+1 -> 18
A35: =MAX(A$13:A34)+1 -> 19
A36: =MAX(A$13:A35)+1 -> 20
A37: =MAX(A$13:A36)+1 -> 21
A38: =MAX(A$13:A37)+1 -> 22
A39: =MAX(A$13:A38)+1 -> 23
A40: =MAX(A$13:A39)+1 -> 24
A41: =MAX(A$13:A40)+1 -> 25
A42: IN-KIND Construction / Renovation Costs | C42: Please add all in-kind contributions for this category. | D42: =SUM(INDEX(D:D,ROW()+1):INDEX(D:D,ROW($A$48)-1)) -> 0 | E42: =SUM(INDEX(E:E,ROW()+1):INDEX(E:E,ROW($A$48)-1)) -> 0
A43: =MAX(A$13:A42)+1 -> 26
A44: =MAX(A$13:A43)+1 -> 27
A45: =MAX(A$13:A44)+1 -> 28
A46: =MAX(A$13:A45)+1 -> 29
A47: =MAX(A$13:A46)+1 -> 30
A48: Property Accquisition | C48: Include details for each expense row/item as needed. | D48: =SUM(INDEX(D:D,ROW()+1):INDEX(D:D,ROW($A$59)-1)) -> 0 | E48: =SUM(INDEX(E:E,ROW()+1):INDEX(E:E,ROW($A$59)-1)) -> 0
A49: =MAX(A$13:A48)+1 -> 31
A50: =MAX(A$13:A49)+1 -> 32
A51: =MAX(A$13:A50)+1 -> 33
A52: =MAX(A$13:A51)+1 -> 34
A53: =MAX(A$13:A52)+1 -> 35
A54: =MAX(A$13:A53)+1 -> 36
A55: =MAX(A$13:A54)+1 -> 37
A56: =MAX(A$13:A55)+1 -> 38
A57: =MAX(A$13:A56)+1 -> 39
A58: =MAX(A$13:A57)+1 -> 40
A59: IN-KIND Property Accquisition | C59: Please add all in-kind contributions for this category. | D59: =SUM(INDEX(D:D,ROW()+1):INDEX(D:D,ROW($A$65)-1)) -> 0 | E59: =SUM(INDEX(E:E,ROW()+1):INDEX(E:E,ROW($A$65)-1)) -> 0
A60: =MAX(A$13:A59)+1 -> 41
A61: =MAX(A$13:A60)+1 -> 42
A62: =MAX(A$13:A61)+1 -> 43
A63: =MAX(A$13:A62)+1 -> 44
A64: =MAX(A$13:A63)+1 -> 45
A65: Specialized Technical Equipment | C65: Specify model, make and other technical info. For installation costs, specify which equipment. | D65: =SUM(INDEX(D:D,ROW()+1):INDEX(D:D,ROW($A$81)-1)) -> 0 | E65: =SUM(INDEX(E:E,ROW()+1):INDEX(E:E,ROW($A$81)-1)) -> 0
A66: =MAX(A$13:A65)+1 -> 46
A67: =MAX(A$13:A66)+1 -> 47
A68: =MAX(A$13:A67)+1 -> 48
A69: =MAX(A$13:A68)+1 -> 49
A70: =MAX(A$13:A69)+1 -> 50
A71: =MAX(A$13:A70)+1 -> 51
A72: =MAX(A$13:A71)+1 -> 52
A73: =MAX(A$13:A72)+1 -> 53
A74: =MAX(A$13:A73)+1 -> 54
A75: =MAX(A$13:A74)+1 -> 55
A76: =MAX(A$13:A75)+1 -> 56
A77: =MAX(A$13:A76)+1 -> 57
... A80: =MAX(A$13:A79)+1 -> 60
A81: IN-KIND Specialized Technical Equipment | C81: Please add all in-kind contributions for this category. | D81: =SUM(INDEX(D:D,ROW()+1):INDEX(D:D,ROW($A$87)-1)) -> 0 | E81: =SUM(INDEX(E:E,ROW()+1):INDEX(E:E,ROW($A$87)-1)) -> 0
A82: =MAX(A$13:A81)+1 -> 61
A83: =MAX(A$13:A82)+1 -> 62
A84: =MAX(A$13:A83)+1 -> 63
A85: =MAX(A$13:A84)+1 -> 64
A86: =MAX(A$13:A85)+1 -> 65
A87: Administration | C87: Please specify and include details. | D87: =SUM(INDEX(D:D,ROW()+1):INDEX(D:D,ROW($A$98)-1)) -> 0 | E87: =SUM(INDEX(E:E,ROW()+1):INDEX(E:E,ROW($A$98)-1)) -> 0
A88: =MAX(A$13:A87)+1 -> 66
A89: =MAX(A$13:A88)+1 -> 67
A90: =MAX(A$13:A89)+1 -> 68
A91: =MAX(A$13:A90)+1 -> 69
A92: =MAX(A$13:A91)+1 -> 70
A93: =MAX(A$13:A92)+1 -> 71
A94: =MAX(A$13:A93)+1 -> 72
A95: =MAX(A$13:A94)+1 -> 73
A96: =MAX(A$13:A95)+1 -> 74
A97: =MAX(A$13:A96)+1 -> 75
A98: IN-KIND Administration | C98: Please add all in-kind contributions for this category. | D98: =SUM(INDEX(D:D,ROW()+1):INDEX(D:D,ROW($A$104)-1)) -> 0 | E98: =SUM(INDEX(E:E,ROW()+1):INDEX(E:E,ROW($A$104)-1)) -> 0
A99: =MAX(A$13:A98)+1 -> 76
A100: =MAX(A$13:A99)+1 -> 77
A101: =MAX(A$13:A100)+1 -> 78
A102: =MAX(A$13:A101)+1 -> 79
A103: =MAX(A$13:A102)+1 -> 80
...

Sheet Lists
A1: Consultants | C1: Construction | E1: Property | G1: Equipment | I1: Administration | K1: Contingency | M1: Taxes | O1: Public Sector | Q1: Private Sector | S1: Other Revenue | U1: Project Category | V1: Maximum Grant
A2: Architects / Engineers | C2: Excavation / Demolition | E2: Property Acquisition Cost (land / building) | G2: Equipment Purchase | I2: Supplies, Copying, etc. | K2: Contingency | M2: Taxes Payable (minus any applicable rebates) | O2: Federal Grant or Funding Program | Q2: Victoria Foundation | S2: Reserve Funds or Endowments from your organization | U2: Property Acquisition / Redevelopment | V2: 250000
A3: Consultants / Technical Specialists | C3: Permits | E3: Legal Fees / Property Transfer Costs | G3: Installation Costs | I3: Other (Specify) | O3: Provincial Grant or Funding Program | Q3: Foundation - Other | S3: Other (Specify) | U3: Infrastructure Upgrade | V3: 75000
A4: Project Management - Consultant or Staff Costs | C4: Materials | E4: Other (Specify) | G4: Other (Specify) | O4: Capital Regional District Grant Funding | Q4: Fundraising | U4: Accessibility Upgrade | V4: 50000
A5: Staff Salaries (related to project) | C5: Construction Equipment (Rental or Purchase) | O5: Other Federal or Provincial | Q5: Sponsorship | U5: Specialized Equipment | V5: 25000
A6: Other (Specify) | C6: Labour | O6: City of Victoria - Other | Q6: Individual Donor | U6: Planning / Feasibility Study | V6: 15000
C7: Other (e.g. freight) | Q7: Other (Specify)

Sheet Import Summary
A1: Categories | B1: Total
A2: Budget Government Confirmed Revenue | B2: ='Financial Reporting Form'!D121 -> 0
A3: Budget Government Pending Revenue | B3: ='Financial Reporting Form'!D132 -> 0
A4: Budget Private Sector Revenue | B4: ='Financial Reporting Form'!D143 -> 0
A5: Budget In-Kind Revenue | B5: ='Financial Reporting Form'!D154 -> 0
A6: Budget Other Revenue | B6: ='Financial Reporting Form'!D180 -> 0
A7: Budget Total Revenue | B7: ='Financial Reporting Form'!D191 -> 0
A8: Budget Consultant Fees & Project Management Expenses | B8: ='Financial Reporting Form'!D14 -> 0
A9: Budget Construction / Renovation Expenses | B9: ='Financial Reporting Form'!D31 -> 0
A10: Budget Property Acquisition Expenses | B10: ='Financial Reporting Form'!D48 -> 0
A11: Budget Specialized Technical Equipment Expenses | B11: ='Financial Reporting Form'!D65 -> 0
A12: Budget Administration Expenses | B12: ='Financial Reporting Form'!D87 -> 0
A13: Budget Project Contingency Expenses | B13: ='Financial Reporting Form'!D104 -> 0
A14: Budget Taxes Expenses | B14: ='Financial Reporting Form'!D108 -> 0
A15: Budget In-Kind Expenses | B15: ='Financial Reporting Form'!D112 -> 0
A16: Budget Total Expenses | B16: ='Financial Reporting Form'!D113 -> 0
A17: Budget Cash Expenses | B17: ='Financial Reporting Form'!D111 -> 0
A18: Budget Surplus Deficit | B18: ='Financial Reporting Form'!D198 -> 0
A19: Actual Government Confirmed Revenue | B19: ='Financial Reporting Form'!E121 -> 0
A20: Actual Government Pending Revenue | B20: ='Financial Reporting Form'!E132 -> 0
A21: Actual Private Sector Revenue | B21: ='Financial Reporting Form'!E143 -> 0
A22: Actual In-Kind Revenue | B22: ='Financial Reporting Form'!E154 -> 0
A23: Actual Other Revenue | B23: ='Financial Reporting Form'!E180 -> 0
A24: Actual Total Revenue | B24: ='Financial Reporting Form'!E191 -> 0
A25: Actual Consultant Fees & Project Management Expenses | B25: ='Financial Reporting Form'!E14 -> 0
A26: Actual Construction / Renovation Expenses | B26: ='Financial Reporting Form'!E31 -> 0
A27: Actual Property Acquisition Expenses | B27: ='Financial Reporting Form'!E48 -> 0
A28: Actual Specialized Technical Equipment Expenses | B28: ='Financial Reporting Form'!E65 -> 0
A29: Actual Administration Expenses | B29: ='Financial Reporting Form'!E87 -> 0
A30: Actual Project Contingency Expenses | B30: ='Financial Reporting Form'!E104 -> 0
A31: Actual Taxes Expenses | B31: ='Financial Reporting Form'!E108 -> 0
A32: Actual In-Kind Expenses | B32: ='Financial Reporting Form'!E112 -> 0
A33: Actual Total Expenses | B33: ='Financial Reporting Form'!E113 -> 0
A34: Actual Cash Expenses | B34: ='Financial Reporting Form'!E111 -> 0
A35: Actual Surplus Deficit | B35: ='Financial Reporting Form'!E198 -> 0
A36: Grant Request Amount | B36: ='Financial Reporting Form'!D4 -> 0
A37: Grant Request as % of Total Revenue | B37: ='Financial Reporting Form'!C199 -> 0
